 Dungeon Crawl Stone Soup version 0.18.1-48-g4cf74bf (webtiles) character file.

37 Melfield the Sneak (level 3, -6/27 HPs)
             Began as a Vampire Assassin on Aug 11, 2016.
             Killed from afar by Sigmund (11 damage)
             ... with a puff of flame
             ... on level 2 of the Dungeon.
             The game lasted 00:04:36 (2175 turns).

Melfield the Sneak (Vampire Assassin)               Turns: 2175, Time: 00:04:37

Health: -6/27      AC:  0    Str: 10    XL:     3   Next: 23%
Magic:  1/3        EV: 20    Int: 13    God:
Gold:   86         SH:  0    Dex: 21    Spells: 0 memorised, 2 levels left

rFire  . . .     SeeInvis +     (weapon currently unavailable)
rCold  + + .     Gourm    .     (armour currently unavailable)
rNeg   + + +     Faith    .     (shield currently unavailable)
rPois  +         Spirit   .     (helmet currently unavailable)
rElec  .         Dismiss  .     (cloak currently unavailable)
rCorr  .         Reflect  .     (gloves currently unavailable)
SustAt .         Harm     .     (boots currently unavailable)
MR     .....                    (no amulet)
Stlth  ++........               (ring currently unavailable)
                                (ring currently unavailable)

@: confused, bat-form, flying, regenerating slowly, very quick, not resistant to
hostile enchantments, unstealthy
A: fangs 3, see invisible, (unbreathing)
a: End Transformation


You were on level 2 of the Dungeon.
You were near bloodless.
You were in vampire-bat-form.
You visited 1 branch of the dungeon, and saw 2 of its levels.

You collected 86 gold pieces.

Inventory:

Hand Weapons
 a - a +2 dagger (melded)
 b - a +0 blowgun
Missiles
 e - 8 poisoned needles
 f - 2 curare-tipped needles
Armour
 c - a +0 robe (melded)
 d - a +0 cloak (melded)
 n - a +2 helmet (melded)
Jewellery
 o - a ring of sustain attributes (melded)
Scrolls
 h - 2 scrolls of identify {unknown}
 j - a scroll of magic mapping {unknown}
 k - 2 scrolls of teleportation {unknown}
 l - a scroll of remove curse {unknown}
Potions
 g - a potion of blood
 i - a potion of berserk rage {unknown}
 m - a potion of flight {unknown}


   Skills:
 + Level 1.8 Fighting
 + Level 2.4 Short Blades
 + Level 1.6 Throwing
 + Level 1.9 Dodging
 + Level 7.0 Stealth


You had 2 spell levels left.
You didn't know any spells.

Dungeon Overview and Level Annotations

Branches:
Dungeon (2/15)

Altars:

Annotations:
D:2 Sigmund


Innate Abilities, Weirdness & Mutations

You heal slowly.
You have razor-sharp teeth.
You have supernaturally acute eyesight.
((You can survive without breathing.))


Message History

The quokka misses you. The quokka misses you.
Sigmund hits you but does no damage. The quokka completely misses you.
The quokka bites you.
Sigmund hits you from afar with a scythe.
The quokka misses you.
Sigmund hits you from afar with a scythe!
* * * LOW HITPOINT WARNING * * *
You turn into a vampire bat.
Your +2 dagger melds into your body.
Your +0 cloak melds into your body.
Your +2 helmet melds into your body.
Your +0 robe melds into your body.
Your ring of sustain attributes melds into your body.
The quokka barely misses you.
Sigmund points at you and mumbles some strange words.
You are confused.
The quokka misses you.
You bump into the rock wall.
Sigmund gestures at you while chanting. The puff of flame hits you!
You die...

#.#.......#####.#
#.###..#......#.#
#...#.........#.#
###.##........#.#
#.###.......#.# #.#
#......##.# #.#
#..###.##.## #.#
##.###.##..###### #.#
#..##.##.b#....#
#.#####.##....r.....#
#...........@..#.####
#.########.####..#....#
#...........#....####.#
#####..#.........#
#.######
.....#.#.......#
#....s.#
#..###.#.........##
######.# #.
..#.........<# #.#


You could see Sigmund (invisible) and a quokka.

Vanquished Creatures
  An adder (D:2)
  3 dart slugs
  A giant gecko (D:1)
  3 giant cockroaches
  A goblin (D:1)
  3 hobgoblins
  3 kobolds
  A quokka (D:2)
  3 bats
  A rat (D:1)
20 creatures vanquished.

Notes
Turn   | Place    | Note
--------------------------------------------------------------
     0 | D:1      | Melfield the Vampire Assassin began the quest for the Orb.
     0 | D:1      | Reached XP level 1. HP: 16/16 MP: 1/1
    35 | D:1      | Reached skill level 6 in Stealth
   457 | D:1      | Reached XP level 2. HP: 18/22 MP: 2/2
  1444 | D:2      | Reached skill level 7 in Stealth
  1444 | D:2      | Reached XP level 3. HP: 20/27 MP: 3/3
  1547 | D:2      | Noticed Sigmund
  2175 | D:2      | Killed from afar by Sigmund

Skill      XL: |  1  2 |
---------------+-------+-----
Stealth        | 6 7 |  7.0
Fighting       | |  1.8
Short Blades   | |  2.4
Throwing       | |  1.6
Dodging        | |  1.9

Action                   || total
-------------------------++-------
Melee: Dagger            ||    75
       Bite              ||     8
       Unarmed           ||    16
 Abil: Bat Form          ||     2
       End Transformatio ||     1
 Stab: Sleeping          ||     4
       Distracted        ||     1
Armor: Robe              ||    27
Dodge: Dodged            ||    81
